 Dungeon Crawl Stone Soup version 0.32-a0-711-g016ad74 (webtiles) character file.

Game seed: 926711736635877146

113731 PidgeyThePirate the Marksgoblin (level 16, -15/141 HPs)
             Began as a Coglin Hunter on Mar 15, 2024.
             Was the Champion of Okawaru.
             Demolished by a +4 dire flail of holy wrath (18 damage)
             ... on level 2 of the Elven Halls.
             The game lasted 01:19:37 (26988 turns).

PidgeyThePirate the Marksgoblin (Coglin Hunter)    Turns: 26988, Time: 01:19:37

Health: -15/141    AC: 14    Str: 21    XL:     16   Next: 64%
Magic:  28/28      EV: 20    Int:  5    God:    Okawaru [******]
Gold:   1862       SH:  0    Dex: 25    Spells: 15/15 levels left

rFire   . . .        O - +9 hand cannon of Midnight {penet, rN+ Str+6 Int-2 Stlth+}
rCold   + . .        E - +4 sling of Defence by Offence {freeze, MP+9 Int-3 Dex+4}
rNeg    + . .        d - +5 robe of Night {Dark Will+ SInv}
rPois   +            q - +2 hat {Will+}
rElec   .            (no cloak)
rCorr   .            e - +1 pair of gloves {Stlth+}
SInv    +            T - +2 pair of boots
Will    ++++.        (amulet unavailable)
Stlth   +++++        (ring unavailable)
HPRegen 0.43/turn    (ring unavailable)
MPRegen 0.21/turn    L - tungsten thermodynamo {rC+ Will+ Clar RMsl}

%: repel missiles, clarity
@: revved
A: off-hand wielding, slow wielding, warmup strikes, no jewellery, low MP 1,
poison resistance
a: Renounce Religion, Heroism, Finesse, Duel


You were on level 2 of the Elven Halls.
You worshipped Okawaru.
Okawaru was exalted by your worship.
You visited 5 branches of the dungeon, and saw 25 of its levels.

You collected 2348 gold pieces.
You spent 486 gold pieces at shops.

Inventory:

Hand Weapons
 E - the +4 sling of Defence by Offence (offhand) {freeze, MP+9 Int-3 Dex+4}
   (You found it on level 7 of the Dungeon)

   Int-3:     It affects your intelligence (-3).
   Dex+4:     It affects your dexterity (+4).
   MP+9:      It affects your magic capacity (+9).
 O - the +9 hand cannon of Midnight (weapon) {penet, rN+ Str+6 Int-2 Stlth+}
   (Okawaru gifted it to you on level 5 of the Lair of Beasts)

   Str+6:     It affects your strength (+6).
   Int-2:     It affects your intelligence (-2).
   rN+:       It protects you from negative energy.
   Stlth+:    It makes you more stealthy.
Missiles
 B - 2 throwing nets
Armour
 a - the +7 chain mail of the Hidden Vale {Int+5}
   (Okawaru gifted it to you on level 4 of the Lair of Beasts)

   Int+5:     It affects your intelligence (+5).
 d - the +5 robe of Night (worn) {Dark Will+ SInv}
   (You found it on level 7 of the Dungeon)

   Dark:      It shrouds the wearer in darkness, reducing the range at which
   they can see and be seen by others.
   Will+:     It increases your willpower.
   SInv:      It lets you see invisible.
 e - a +1 pair of gloves of stealth (worn)
 q - a +2 hat of willpower (worn)
 N - a +2 scale mail of cold resistance
 S - the +0 scale mail of Yredelemnul's Respect {rC- rCorr Int+4 SInv}
   (You found it on level 13 of the Dungeon)

   Int+4:     It affects your intelligence (+4).
   rC-:       It makes you vulnerable to cold.
   SInv:      It lets you see invisible.
   rCorr:     It protects you from acid and corrosion.
 T - a +2 pair of boots (worn)
Gizmo
 L - a tungsten thermodynamo (installed) {rC+ Will+ Clar RMsl}
   (You invented it yourself on level 4 of the Lair of Beasts)

   [tungsten thermodynamo]

   rC+:       It protects you from cold.
   Will+:     It increases your willpower.
   Clar:      It protects you from confusion, rage, mesmerisation and fear.
   RMsl:      It protects you from missiles.
Wands
 h - a wand of paralysis (13)
 s - a wand of flame (7)
 z - a wand of light (6)
 A - a wand of digging (1)
 D - a wand of mindburst (12)
 G - a wand of roots (22)
Scrolls
 b - a scroll of butterflies
 g - 3 scrolls of fog
 j - 4 scrolls of enchant armour
 n - 9 scrolls of teleportation
 o - a scroll of summoning
 r - a scroll of vulnerability
 t - a scroll of torment
 w - a scroll of noise
 y - 3 scrolls of brand weapon
 C - a scroll of immolation
 H - a scroll of poison
 I - 12 scrolls of identify
 K - 3 scrolls of enchant weapon {unknown}
 P - 2 scrolls of silence {unknown}
Potions
 i - 2 potions of magic
 k - a potion of berserk rage
 m - 3 potions of attraction
 p - 3 potions of brilliance
 v - a potion of mutation
 x - 6 potions of might
 F - 5 potions of lignification
 M - a potion of heal wounds
 Q - a potion of enlightenment
 R - 3 potions of curing
 U - a potion of ambrosia
 W - a potion of cancellation


   Skills:
 - Level 17.0 Fighting
 - Level 18.0 Ranged Weapons
 + Level 2.4 Armour
 * Level 10.2 Dodging
 + Level 5.0 Stealth
 * Level 6.8 Invocations
 + Level 0.6 Evocations


You had 15 spell levels left.
You didn't know any spells.
Your spell library contained the following spells:

 Spells                   Type           Power      Damage    Failure   Level
 Magic Dart               Conj           0%         1d3       47%         1
 Sting                    Conj/Alch      0%         1d3       47%         1
 Cigotuvi's Dreadful Rot  Necr/Alch/Air  0%         N/A       63%         2
 Lesser Beckoning         Tloc           0%         N/A       63%         2
 Mercury Vapours          Alch/Air       0%         N/A       63%         2
 Searing Ray              Conj           0%         2d4       63%         2
 Dazzling Flash           Conj/Hex       0%         N/A       85%         3
 Frozen Ramparts          Ice            0%         1d1       85%         3
 Gell's Gravitas          Tloc           0%         N/A       85%         3
 Inner Flame              Hex/Fire       0%         N/A       85%         3
 Ozocubu's Armour         Ice            0%         N/A       85%         3
 Passwall                 Erth           0%         N/A       85%         3
 Sigil of Binding         Hex            0%         N/A       85%         3
 Teleport Other           Tloc           0%         N/A       85%         3
 Volatile Blastmotes      Fire/Tloc      0%         2d10      85%         3
 Dimensional Bullseye     Hex/Tloc       0%         N/A       99%         4
 Dispel Undead            Necr           0%         3d6       99%         4
 Flame Wave               Conj/Fire      0%         2d4       99%         4
 Fulminant Prism          Conj/Alch      0%         3d5       99%         4
 Iskenderun's Mystic Bla  Conj/Tloc      0%         2d3       99%         4
 Olgreb's Toxic Radiance  Alch           0%         N/A       99%         4
 Passage of Golubria      Tloc           0%         N/A       99%         4
 Sticky Flame             Fire/Alch      0%         2d4       99%         4
 Borgnjor's Vile Clutch   Necr/Erth      0%         N/A       100%        5
 Metabolic Englaciation   Hex/Ice        0%         N/A       100%        5
 Silence                  Hex/Air        0%         N/A       100%        5
 Bombard                  Conj/Erth      0%         9d1       100%        6
 Starburst                Conj/Fire      0%         6d3       100%        6
 Borgnjor's Revivificati  Necr           0%         N/A       100%        8
 Lehudib's Crystal Spear  Conj/Erth      0%         10d2      100%        8
 Maxwell's Capacitive Co  Air            0%         ∞         100%        8
 Death's Door             Necr           0%         N/A       100%        9
 Call Canine Familiar     Summ           Unusable   N/A       N/A         3
 Tukima's Dance           Hex            Unusable   N/A       N/A         3
 Animate Dead             Necr           Unusable   N/A       N/A         4
 Martyr's Knell           Necr/Summ      Unusable   N/A       N/A         4
 Death Channel            Necr           Unusable   N/A       N/A         6
 Haunt                    Necr/Summ      Unusable   N/A       N/A         7

Dungeon Overview and Level Annotations

Branches:
Dungeon (15/15)            Temple (1/1) D:5            Lair (5/5) D:11
 Shoals (0/4) Lair:2        Snake (0/4) Lair:2        Slime (0/5) Lair:4
    Orc (2/2) D:10            Elf (2/3) Orc:2        Vaults (0/5) D:14
 Depths (0/4) D:15

Altars:
Ashenzari
Cheibriados
Dithmenos
Elyvilon
Fedhas
Gozag
Hepliaklqana
Kikubaaqudgha
Makhleb
Nemelex Xobeh
Okawaru
Qazlal
Ru
Sif Muna
Trog
Uskayaw
Vehumet
Wu Jian
Xom
Yredelemnul
Zin
The Shining One

Shops:
D:7 ?   D:10 *   D:15 [   Orc:2 ::*[(

Annotations:
D:6 3 runed translucent doors, Ozzieoiler's ghost, novice OpEn
D:9 exclusion: ice statue


Innate Abilities, Weirdness & Mutations

You can wield a second weapon in your off-hand.
It takes a long time for you to wield or remove held weapons.
Your first few attacks do less damage.
You cannot equip rings or amulets.
Your magical capacity is low. (-10% MP)
Your system is resistant to poisons. (rPois)


Message History

You shoot a sling bullet.
The sling bullet hits the +1 vampiric battleaxe.
The +1 vampiric battleaxe is moderately damaged.
The +4 dire flail of holy wrath misses you.
The +1 vampiric battleaxe hits you but does no damage.
Fire: O) +9 hand cannon of Midnight {penet, rN+ Str+6 Int-2 Stlth+}
Press: ? - help, Q - select action, (/) - cycle Shift-Dir - straight line, f/p - +1 vampiric battleaxe
Aim: a +1 vampiric battleaxe (magical condensation, moderately damaged, 68% to hit)
You shoot a slug.
The slug pierces through the +1 vampiric battleaxe!!
The +1 vampiric battleaxe falls from the air.
Okawaru accepts your kill.
You shoot a sling bullet.
The +4 dire flail of holy wrath hits you!
Fire: O) +9 hand cannon of Midnight {penet, rN+ Str+6 Int-2 Stlth+}
Press: ? - help, Q - select action, (/) - cycle Shift-Dir - straight line, f - +4 dire flail of holy wrath
Aim: a +4 dire flail of holy wrath (65% to hit)
You shoot a slug.
The slug pierces through the +4 dire flail of holy wrath!
The +4 dire flail of holy wrath is moderately damaged.
You shoot a sling bullet.
The sling bullet barely misses the +4 dire flail of holy wrath.
The +4 dire flail of holy wrath hits you!
The +4 dire flail of holy wrath hits you!!
* * * LOW HITPOINT WARNING * * *
The deep elf zephyrmancer mumbles some strange words.
The deep elf zephyrmancer blinks!
You feel much better.
The +4 dire flail of holy wrath hits you!
* * * LOW HITPOINT WARNING * * *
The +4 dire flail of holy wrath hits you!!
* * * LOW HITPOINT WARNING * * *
Okay, then.
Okay, then.
Aiming: Duel (36% risk of failure)
Press: ? - help, Dir - move target, f/p - +4 dire flail of holy wrath
Aim: a +4 dire flail of holy wrath (moderately damaged)
You fail to use your ability.
The +4 dire flail of holy wrath hits you!!
You die...

###
##..##
##....##
#..°...#
+.@○....
#()○....
#.§.....
#.......
........
.........


You could see a +4 dire flail of holy wrath.

Vanquished Creatures
  Gastronok (D:11)
  A frost giant (D:13)
  2 orc warlords (Orc:2)
  An ironbound preserver (D:14)
  A deep elf death mage (Elf:1)
  Nessos (D:12)
  Azrael (D:12)
  Josephine (D:11)
  A fire dragon (D:15)
  An ice dragon (D:15)
  4 catoblepae
  6 hydras
  A rakshasa (D:13)
  7 centaur warriors
  Erica (D:9)
  2 dancing weapons
  3 boulder beetles
  17 death yaks
  3 two-headed ogres
  2 tengu warriors (D:14)
  Urug (Orc:1)
  5 deep elf knights
  The ghost of RazingBull the Protected, a novice MiFi of Elyvilon (D:7)
  3 orc high priests (Orc:2)
  2 skysharks
  3 large abominations (Elf:1)
  3 orc knights (Orc:2)
  10 deep elf zephyrmancers
  3 necromancers (Elf:1)
  2 deep elf archers (Elf:1)
  Pikel (D:5)
  4 deep elf pyromancers
  5 orc sorcerers (Orc:2)
  A salamander (Lair:2)
  An ugly thing (D:14)
  8 manticores
  3 cyclopes
  18 elephants
  A meliai (shapeshifter) (D:15)
  7 black mambas
  5 kobold blastminers (Orc:2)
  An eye of devastation (shapeshifter) (D:13)
  2 meliai
  3 unseen horrors
  A gargoyle (D:12)
  6 cane toads
  5 komodo dragons
  3 kobold demonologists
  2 efreet (D:13)
  3 rime drakes
  A freezing wraith (D:14)
  4 yaktaurs (D:15)
  6 ice devils (D:9)
  5 trolls
  A hornet (shapeshifter) (Elf:1)
  4 polar bears
  Grinder (D:3)
  9 blink frogs
  A dream sheep (D:7)
  21 slime creatures
  Sigmund (D:5)
  An air elemental (Elf:2)
  8 wraiths
  A wyvern (D:10)
  2 shadows (D:7)
  7 fire elementals
  A yak (shapeshifter) (Elf:1)
  A basilisk (shapeshifter) (D:14)
  55 yaks
  5 basilisks
  3 fire bats (Orc:2)
  13 vampire mosquitoes
  2 wargs
  3 nagas (Lair:2)
  2 hell hounds (D:12)
  9 water moccasins
  Duvessa (D:5)
  28 orc warriors
  5 ice beasts
  3 sky beasts (D:7)
  A black bear (D:7)
  4 ogres
  7 wolves
  4 boggarts (Lair:5)
  8 centaurs
  A lemure (D:4)
  2 phantoms (D:5)
  5 kobold brigands
  4 bullfrogs
  2 elf zombies (Elf:1)
  4 scorpions
  A gnoll sergeant (D:6)
  A scorpion (shapeshifter) (D:13)
  14 wights
  Dowan (D:5)
  9 killer bees (D:10)
  3 howler monkeys (D:12)
  8 electric eels
  A vampire bat (Lair:1)
  2 lava snakes (D:13)
  5 hounds
  7 jellies
  31 orc priests
  A bombardier beetle (D:3)
  2 gnoll boudas
  4 iguanas
  3 sleepcaps
  34 orc wizards
  6 hell rats (Lair:3)
  20 gnolls
  3 adders
  A shadow imp (D:6)
  A white imp (D:6)
  6 ufetubi (D:9)
  A dart slug (D:2)
  A ribbon worm (D:2)
  76 orcs
  5 ball pythons
  11 bats
  4 endoplasms (D:1)
  4 giant cockroaches
  5 hobgoblins
  5 quokkas
  2 frilled lizards
  6 goblins
  21 kobolds
  8 rats
729 creatures vanquished.

Vanquished Creatures (others)
  2 orc wizards
2 creatures vanquished.

Grand Total: 731 creatures vanquished

Notes
Turn   | Place    | Note
-------+----------+-------------------------------------------
     0 | D:1      | PidgeyThePirate the Coglin Hunter began the quest for the
                  | Orb.
     0 | D:1      | Reached XP level 1. HP: 16/16 MP: 1/1
    70 | D:1      | Reached skill level 4 in Ranged Weapons
    70 | D:1      | Reached XP level 2. HP: 22/22 MP: 2/2
   246 | D:1      | Found a faded altar of an unknown god.
   689 | D:1      | Reached XP level 3. HP: 27/27 MP: 3/3
   957 | D:2      | Reached XP level 4. HP: 33/33 MP: 4/4
  1330 | D:2      | Reached skill level 5 in Ranged Weapons
  1360 | D:2      | Reached XP level 5. HP: 36/39 MP: 5/5
  1738 | D:3      | Noticed Grinder
  1745 | D:3      | Paralysed by Grinder for 2 turns
  1757 | D:3      | Killed Grinder
  1758 | D:3      | Reached skill level 6 in Ranged Weapons
  1758 | D:3      | Reached XP level 6. HP: 41/47 MP: 6/6
  2010 | D:3      | Reached skill level 1 in Stealth
  2499 | D:4      | Reached XP level 7. HP: 52/52 MP: 7/7
  2595 | D:4      | Reached skill level 7 in Ranged Weapons
  2595 | D:4      | Reached skill level 1 in Armour
  2952 | D:5      | Entered Level 5 of the Dungeon
  2992 | D:5      | Noticed Sigmund
  3054 | D:5      | Killed Sigmund
  3071 | D:5      | Noticed Pikel
  3238 | D:5      | Reached XP level 8. HP: 60/60 MP: 8/8
  3364 | D:5      | Reached skill level 8 in Ranged Weapons
  3550 | D:5      | Killed Pikel
  3551 | D:5      | Reached skill level 5 in Fighting
  3551 | D:5      | Reached skill level 9 in Ranged Weapons
  3938 | D:5      | Found a staircase to the Ecumenical Temple.
  4068 | D:5      | Reached XP level 9. HP: 68/68 MP: 9/9
  4318 | D:5      | Noticed Duvessa
  4319 | D:5      | Noticed Dowan
  4349 | D:5      | Killed Duvessa
  4359 | D:5      | Killed Dowan
  4964 | D:6      | Found a runed translucent gate.
  4975 | D:6      | Reached skill level 10 in Ranged Weapons
  5013 | D:6      | Found a glowing golden altar of the Shining One.
  5013 | D:6      | Found an ancient bone altar of Kikubaaqudgha.
  5014 | D:6      | Found a shimmering blue altar of Sif Muna.
  5026 | D:6      | Found a runed translucent gate.
  5029 | D:6      | Found a runed translucent gate.
  5147 | Temple   | Entered the Ecumenical Temple
  5183 | Temple   | Became a worshipper of Warmaster Okawaru
  5586 | D:6      | Noticed Ozzieoiler's ghost (novice OpEn)
  5846 | D:7      | Found a large runed translucent door.
  5849 | D:7      | Found a large runed translucent door.
  5850 | D:7      | Noticed RazingBull's ghost (novice MiFi)
  5870 | D:7      | Identified the +4 sling of Defence by Offence {freeze, MP+9
                  | Int-3 Dex+4}
  6131 | D:7      | Reached skill level 11 in Ranged Weapons
  6223 | D:7      | Reached * piety under Okawaru
  6224 | D:7      | Reached XP level 10. HP: 77/77 MP: 10/10
  6324 | D:7      | Found the +5 robe of Night {Dark Will+ SInv}
  6546 | D:7      | Found Umoiveed's Magic Scroll Shoppe.
  6550 | D:7      | Bought a scroll of identify for 22 gold pieces
  6603 | D:7      | Found a shimmering altar of Xom.
  6617 | D:7      | Found a shadowy altar of Dithmenos.
  6662 | D:7      | You fall into a shaft and drop 2 floors!
  6740 | D:9      | Reached skill level 12 in Ranged Weapons
  6744 | D:9      | Reached ** piety under Okawaru
  6746 | D:9      | Noticed Erica
  6758 | D:9      | Killed Erica
  6767 | D:9      | Reached *** piety under Okawaru
  6770 | D:9      | Noticed a two-headed ogre
  6787 | D:9      | Killed a two-headed ogre
  6878 | D:9      | Reached skill level 13 in Ranged Weapons
  6883 | D:9      | Reached XP level 11. HP: 86/86 MP: 11/11
  6903 | D:9      | Reached **** piety under Okawaru
  7342 | D:9      | Identified the +6 dagger of the Vestibule of Hell {venom,
                  | rCorr MP+9}
  7748 | D:8      | Found a hide-covered altar of Uskayaw.
  8896 | D:7      | Killed RazingBull's ghost
  9012 | D:10     | Entered Level 10 of the Dungeon
  9046 | D:10     | Reached skill level 14 in Ranged Weapons
  9398 | D:10     | Reached ***** piety under Okawaru
  9674 | D:11     | Found a staircase to the Lair.
 10058 | D:11     | Noticed Gastronok
 10070 | D:11     | Killed Gastronok
 10106 | D:11     | Reached XP level 12. HP: 97/97 MP: 12/12
 10187 | D:11     | Reached skill level 10 in Fighting
 10406 | D:11     | Noticed a two-headed ogre
 10413 | D:11     | Killed a two-headed ogre
 10413 | D:11     | Received a gift from Okawaru
 10580 | D:11     | Noticed Josephine
 10597 | D:11     | Killed Josephine
 10605 | D:11     | Reached skill level 15 in Ranged Weapons
 11073 | D:12     | Noticed a boulder beetle
 11098 | D:12     | Gained mutation: Your magical capacity is low. (-10% MP)
                  | [potion of mutation]
 11098 | D:12     | Gained mutation: Your system is resistant to poisons.
                  | (rPois) [potion of mutation]
 11454 | D:12     | Received a gift from Okawaru
 11758 | D:12     | Noticed Azrael
 11971 | Lair:1   | Entered Level 1 of the Lair of Beasts
 12044 | Lair:1   | Reached skill level 1 in Invocations
 12237 | Lair:1   | Reached XP level 13. HP: 107/107 MP: 12/12
 12756 | Lair:1   | Reached skill level 16 in Ranged Weapons
 12891 | Lair:1   | Received a gift from Okawaru
 13388 | Lair:2   | Found a staircase to the Shoals.
 14064 | Lair:2   | Found a staircase to the Snake Pit.
 14416 | Lair:3   | Received a gift from Okawaru
 15526 | Lair:4   | Reached XP level 14. HP: 119/119 MP: 14/14
 15533 | Lair:4   | Reached skill level 17 in Ranged Weapons
 15548 | Lair:4   | Received a gift from Okawaru
 15853 | Lair:4   | Acquired a tungsten thermodynamo {rC+ Will+ Clar RMsl}
 16242 | Lair:4   | Found a staircase to the Slime Pits.
 16444 | Lair:4   | Received a gift from Okawaru
 16610 | Lair:4   | Reached skill level 5 in Dodging
 16698 | Lair:5   | Entered Level 5 of the Lair of Beasts
 17546 | Lair:5   | Received a gift from Okawaru
 17557 | Lair:5   | Identified the amulet "Ezezarirph" {Acrobat Str+3}
 17979 | Lair:5   | Reached skill level 15 in Fighting
 18986 | Lair:5   | Reached ****** piety under Okawaru
 18988 | Lair:5   | Acquired the +9 hand cannon of Midnight {penet, rN+ Str+6
                  | Int-2 Stlth+}
 18988 | Lair:5   | Received a gift from Okawaru
 19026 | Lair:4   | Acquired the +7 chain mail of the Hidden Vale {Int+5}
 19026 | Lair:4   | Received a gift from Okawaru
 19437 | D:12     | Noticed Nessos
 19444 | D:12     | Killed Nessos
 19474 | D:12     | Received a gift from Okawaru
 19703 | D:12     | Killed Azrael
 19704 | D:12     | Reached skill level 18 in Ranged Weapons
 19704 | D:12     | Reached XP level 15. HP: 78/129 MP: 15/15
 20542 | D:13     | Received a gift from Okawaru
 20680 | D:13     | Noticed a frost giant
 20688 | D:13     | Killed a frost giant
 20693 | D:13     | Identified the +1 ring mail "Imotyog" {Fly rPois}
 20953 | D:13     | Identified the +0 scale mail of Yredelemnul's Respect {rC-
                  | rCorr Int+4 SInv}
 21491 | D:14     | Found a gate to the Vaults.
 22367 | D:15     | Entered Level 15 of the Dungeon
 22442 | D:15     | Received a gift from Okawaru
 22573 | D:15     | Found a glowing silver altar of Zin.
 22574 | D:15     | Found a glowing golden altar of the Shining One.
 22575 | D:15     | Found a white marble altar of Elyvilon.
 22681 | D:15     | Found Cuntol's Antique Armour Shoppe.
 22685 | D:15     | Bought a smoking scale mail for 288 gold pieces
 22685 | D:15     | Identified the +0 scale mail "Ufapra" {+Blink SInv Stlth+}
                  | (You bought it in a shop on level 15 of the Dungeon)
 22904 | D:15     | Reached skill level 5 in Invocations
 23060 | D:15     | Found a staircase to the Depths.
 23875 | D:10     | Found Ymnos's General Store.
 23893 | D:10     | Identified the +1 chain mail of Ohoxzy Oxtol {Fly rN+}
 23921 | D:10     | Found a staircase to the Orcish Mines.
 24210 | Orc:1    | Entered Level 1 of the Orcish Mines
 24336 | Orc:1    | Noticed Urug
 24344 | Orc:1    | Killed Urug
 24491 | Orc:2    | Entered Level 2 of the Orcish Mines
 24571 | Orc:2    | Received a gift from Okawaru
 24578 | Orc:2    | Reached XP level 16. HP: 95/141 MP: 18/18
 24623 | Orc:2    | Found a staircase to the Elven Halls.
 24644 | Orc:2    | Found Bemal's Book Emporium.
 25751 | Orc:2    | Found Kouqyjig's General Store.
 25752 | Orc:2    | Found Gauhuni's Antique Armour Shop.
 25752 | Orc:2    | Found Paokk's Antique Weapon Boutique.
 25752 | Orc:2    | Found Haryelys's Book Shop.
 25795 | Orc:2    | Bought an ancient robe for 176 gold pieces
 25795 | Orc:2    | Identified the +1 robe "Cyic" {Str+2} (You bought it in a
                  | shop on level 2 of the Orcish Mines)
 25918 | Elf:1    | Entered Level 1 of the Elven Halls
 25927 | Elf:1    | Received a gift from Okawaru
 26626 | Elf:1    | Reached skill level 10 in Dodging
 26764 | Elf:1    | Received a gift from Okawaru
 26979 | Elf:2    | Reached skill level 5 in Stealth
 26987 | Elf:2    | HP: 2/141 [+4 dire flail of holy wrath (19)]
 26988 | Elf:2    | Demolished by a +4 dire flail of holy wrath

Illustrated notes

Levels and vault maps discovered:
D:1:      onia_arrival_handbag, layout_loops_corners,
          ebering_ecumenical_altar_rust
D:2:      layout_loops_ring, grunt_decor_junction, minmay_liquid_box,
          hangedman_decor_growths, mrwooster_statue_mirror
D:3:      layout_basic, uniq_grinder
D:4:      layout_rooms, nicolae_concentric_dashed_squares_wild,
          dreamdust_princess_bridge
D:5:      layout_layer_cave, minmay_temple_entry_butterflies, uniq_duvessa,
          uniq_pikel, uniq_sigmund
D:6:      layout_basic, gammafunk_temple_overflow_claw, gammafunk_ghost_icy
D:7:      layout_basic, jmf_multi_god_temple2, ebering_ghost_disaster_area,
          serial_shops, nicolae_shop_pleasant_corner_grove,
          hellmonk_guarded_unrand_night
D:8:      layout_basic, nicolae_uskayaw_murder_on_the_dancefloor
D:9:      cheibrodos_frozen_isle, layout_basic, uniq_erica
D:10:     erik_rubicon_a, layout_rooms, erik_orc_4, nicolae_take_the_stairs
D:11:     layout_cave_pods, erik_lair_orcish_takeover, uniq_josephine,
          uniq_gastronok
D:12:     lemuel_ice_spiral_2, layout_irregular_city, uniq_azrael, uniq_nessos
D:13:     kennysheep_four_of_diamonds, layout_loops_ring
D:14:     layout_roguey, skrybe_vaults_entry_preservation, nicolae_titane
D:15:     grunt_enter_depths_hoard, layout_loops_ring, good_gods_temple_1,
          serial_shops, shop
Temple:   nicolae_temple_elliptical
Lair:1:   layout_small_grid, roderic_batcave, minmay_shattered_shrine,
          infiniplex_staircase_pool_2
Lair:2:   layout_gridlike, elwin_shoals_entry_rocks, alex1729_snake_entry_snake,
          serial_bayou_ford_a
Lair:3:   layout_gridlike, serial_forest, infiniplex_forest_straight_4,
          infiniplex_forest_end_2, infiniplex_forest_straight_5,
          infiniplex_forest_lined_2, infiniplex_forest_straight_4,
          infiniplex_forest_end_3
Lair:4:   layout_roguey, nicolae_slime_entry_field_trip, minmay_hedge_maze,
          lemuel_fruit_tree
Lair:5:   evilmike_catoblepas_cave, layout_layer_cave, kilobyte_rumbling_trees
Orc:1:    layout_diamond_mine, uniq_urug
Orc:2:    st_orc_congregation, layout_caves, nicolae_volcano_entry_batcave,
          serial_shops, nicolae_shop_tiny_real_fake_doors
Elf:1:    minmay_elf_arrival_plus, layout_rooms, minmay_elf_necromancy,
          dk_noncrumbling_2, minmay_misc_feat_ornament
Elf:2:    elven_hall_of_blades_hangedman_original
          [nicolae_blade_entry_crossed_weapons], layout_gridlike, serial_shops,
          freezing_bzr, st_stairs_8

Skill      XL: |  1  2  3  4  5  6  7  8  9 10 11 12 13 14 15 16 |
---------------+-------------------------------------------------+-----
Ranged Weapons | 4 5 6 7 9 11 13 14 15 16 18 | 18.0
Fighting       | 3 4 5 6 7 9 11 13 15 17 | 17.0
Stealth        | 1 2 3 4 5 |  5.0
Armour         | 1 2 |  2.4
Dodging        | 2 3 4 5 7 10 | 10.2
Invocations    | 1 2 5 6 |  6.8
Evocations     | |  0.6

Action                     |  1- 3 |  4- 6 |  7- 9 | 10-12 | 13-15 | 16-18 || total
---------------------------+-------+-------+-------+-------+-------+-------++-------
  Melee: Sling             |       |       |     8 |     8 |       |       ||    16
   Fire: Sling             |   106 |   234 |   586 |  1316 |  1721 |   218 ||  4181
         Hand cannon       |       |       |       |       |   359 |   218 ||   577
 Invoke: Heroism           |       |       |       |     4 |     4 |       ||     8
         Finesse           |       |       |       |     1 |     1 |       ||     2
         Receive Weapon    |       |       |       |       |     1 |       ||     1
         Receive Armour    |       |       |       |       |     1 |       ||     1
Ability: Invent Gizmo      |       |       |       |       |     1 |       ||     1
  Evoke: Wand              |       |       |     3 |       |       |       ||     3
    Use: Potion            |       |     1 |     6 |    12 |     8 |     2 ||    29
         Scroll            |       |       |     8 |     8 |     2 |     4 ||    22
 Armour: Leather armour    |     4 |    17 |    57 |     1 |       |       ||    79
         Robe              |       |       |       |   135 |   273 |    46 ||   454
         Skin              |       |       |       |       |    30 |       ||    30
  Dodge: Dodged            |     6 |    22 |    42 |   138 |   260 |    50 ||   518
         Repelled          |       |       |       |       |    48 |    12 ||    60

Table legend: (Time is in decaauts)
 A = Elapsed time spent in this place.
 B = Non-inter-level travel time spent in this place.
 C = Inter-level travel time spent in this place.
 D = Time resting spent in this place.
 E = Time spent auto-exploring this place.
 F = Levels seen in this place.
 G = Mean time per level.
                   A        B        C        D        E       F      G
               +--------+--------+--------+--------+--------+-----+--------+
         Total |  26476 |  24721 |   1755 |      0 |  20260 |  25 | 1059.0 |
       Dungeon |  16537 |  15516 |   1021 |      0 |  12833 |  15 | 1102.5 |
        Temple |     50 |     25 |     25 |      0 |      0 |   1 |   50.0 |
          Lair |   7151 |   6708 |    443 |      0 |   5695 |   5 | 1430.2 |
  Orcish Mines |   1680 |   1503 |    177 |      0 |    926 |   2 |  840.0 |
   Elven Halls |   1055 |    966 |     89 |      0 |    806 |   2 |  527.5 |
               +--------+--------+--------+--------+--------+-----+--------+

Top non-repeatable levels by time:
  Lair:5: 2250 daAuts
     D:5: 1673 daAuts
    D:11: 1624 daAuts
    D:12: 1495 daAuts
  Lair:3: 1440 daAuts
   Orc:2: 1401 daAuts
  Lair:1: 1359 daAuts
    D:13: 1276 daAuts
     D:7: 1215 daAuts
    D:15: 1170 daAuts
  Lair:4: 1059 daAuts
     D:8: 1059 daAuts
   Elf:1: 1043 daAuts
  Lair:2: 1041 daAuts
    D:14: 1025 daAuts
